 Dungeon Crawl Stone Soup version 0.31-a0-198-g2ad674f65e (webtiles) character file.

Game seed: 14695380334015345319

452 qw the Skirmisher (level 6, -3/35 HPs)
             Began as a Deep Elf Hunter on June 25, 2023.
             Slain by Edmund
             ... wielding a +5 antimagic flail
              (13 damage)
             ... on level 4 of the Dungeon.
             The game lasted 00:00:58 (2700 turns).

qw the Skirmisher (Deep Elf Hunter)                 Turns: 2700, Time: 00:00:58

Health: -3/35      AC:  8    Str: 13    XL:     6   Next: 75%
Magic:  0/8        EV: 12    Int: 14    God:
Gold:   198        SH:  0    Dex: 18    Spells: 5/5 levels left

rFire   . . .        Y - +0 shortbow
rCold   + . .        (shield currently unavailable)
rNeg    . . .        h - +0 ring mail
rPois   +            (no helmet)
rElec   .            m - +0 cloak
rCorr   .            l - +0 pair of gloves {Str+3}
SInv    .            o - +0 pair of boots
Will    .....        (no amulet)
Stlth   +            g - ring of poison resistance
HPRegen 0.25/turn    k - ring of protection from cold
MPRegen 0.11/turn

%: no passive effects
@: no status effects
A: no striking features
a: no special abilities


You were on level 4 of the Dungeon.
You visited 1 branch of the dungeon, and saw 4 of its levels.

You collected 198 gold pieces.


   Skills:
 - Level 2.1 Fighting
 + Level 9.5 Ranged Weapons
 - Level 1.3 Armour
 - Level 3.7 Dodging
 - Level 1.2 Stealth


You had 5 spell levels left.
You didn't know any spells.
Your spell library was empty.

Inventory:

Hand Weapons
 Y - a +0 shortbow (weapon)
Armour
 h - a +0 ring mail (worn)
 l - a +0 pair of gloves of strength (worn)
 m - a +0 cloak (worn)
 o - a +0 pair of boots (worn)
Jewellery
 g - a ring of poison resistance (left hand)
 i - a ring of ice
 k - a ring of protection from cold (right hand)
Scrolls
 a - a scroll of identify
 b - 3 scrolls of teleportation
Potions
 c - a potion of curing
 d - a potion of magic {unknown}
 e - a potion of heal wounds {unknown}
 f - a potion of mutation {unknown}
 j - a potion of enlightenment {unknown}
 n - a potion of resistance {unknown}

Dungeon Overview and Level Annotations

Branches:
Dungeon (4/15)
 Temple: D:4-7

Altars:
Dithmenos

Annotations:
D:3 1 runed translucent door, Crazy Yiuf
D:4 Edmund


Message History

Items here: % (( )) /.
Enter note:
Found 6 stones.
Enter note:
Found a stone staircase leading down.
Enter note: Edmund and an iguana come into view.
Edmund is wielding a +5 antimagic flail and wearing a +3 leather armour of fire resistance.
There is a stone staircase leading down here.
Enter note: You shoot an arrow.
The arrow hits Edmund.
Edmund shouts!
Edmund is lightly wounded.
You shoot an arrow. The arrow closely misses Edmund.
The arrow hits the iguana but does no damage.
You shoot an arrow. The arrow barely misses Edmund.
The arrow hits the iguana.
The iguana is moderately wounded.
Edmund hits you with a +5 antimagic flail!
You feel your power leaking away.
You shoot an arrow. The arrow barely misses Edmund.
The arrow hits the iguana but does no damage.
The iguana is moderately wounded.
Edmund hits you but does no damage.
You shoot an arrow. The arrow completely misses Edmund.
The arrow hits the iguana.
The iguana is heavily wounded.
Edmund hits you with a +5 antimagic flail.
You feel your power leaking away.
You shoot an arrow. The arrow barely misses Edmund.
The arrow barely misses the iguana.
Edmund barely misses you.
You shoot an arrow.
The arrow hits Edmund but does no damage.
Edmund is lightly wounded.
Edmund hits you with a +5 antimagic flail!
You feel your power leaking away.
You shoot an arrow. The arrow hits Edmund!
Edmund is moderately wounded.
Edmund hits you with a +5 antimagic flail!
You die...

#..........##.
#...++..........'..
#...##.............
#...############..#
#...## ########.~#
.... .......)%~#
#l. ########.~#
#@#############.~~
#@..............~~
###############..~
#..~ #... #... #(..
#... #...


You could see Edmund and an iguana.

Vanquished Creatures
  Sigmund (D:3)
  A kobold brigand (D:4)
  2 iguanas (D:4)
  An orc wizard (D:4)
  4 adders
  4 gnolls (D:2)
  2 worms (D:2)
  3 dart slugs
  5 orcs (D:4)
  5 ball pythons
  5 endoplasms
  2 giant cockroaches
  6 goblins
  3 hobgoblins
  3 jackals (D:4)
  4 bats
  A frilled lizard (D:2)
  4 kobolds
  5 rats
61 creatures vanquished.

Notes
Turn   | Place    | Note
-------+----------+-------------------------------------------
     0 | D:1      | qw the Deep Elf Hunter began the quest for the Orb.
     0 | D:1      | Reached XP level 1. HP: 12/12 MP: 3/3
     0 | D:1      | 0 ||| qw: Version: 0.3-a-22-g0ed2b0b
     0 | D:1      | 0 ||| qw: Game counter: 5326
     0 | D:1      | 0 ||| qw: Melee chars always use a shield: true
     0 | D:1      | 0 ||| qw: God list: Okawaru
     0 | D:1      | 0 ||| qw: Allow faded altars: false
     0 | D:1      | 0 ||| qw: Do Orc after clearing Dungeon:15 true
     0 | D:1      | 0 ||| qw: Do second Lair branch before Depths: true
     0 | D:1      | 0 ||| qw: Lair rune preference: random
     0 | D:1      | 0 ||| qw: Goals: Normal
     0 | D:1      | 0 ||| PLANNING D:1-11
   104 | D:1      | 104 ||| FLEEEEING.
   136 | D:1      | Reached XP level 2. HP: 16/16 MP: 4/4
   203 | D:1      | Reached skill level 6 in Ranged Weapons
   673 | D:1      | 673 ||| UPGRADING to +0 ring mail.
   683 | D:1      | 683 ||| DROPPING +0 leather armour.
   684 | D:1      | 684 ||| UPGRADING to +0 pair of gloves of strength.
   689 | D:1      | 689 ||| UPGRADING to +0 cloak.
   694 | D:1      | 694 ||| UPGRADING to ring of poison resistance.
   695 | D:1      | 695 ||| READING scroll labelled YSIHOERUKU.
   696 | D:1      | 696 ||| READING scroll labelled MAUQUE REANE.
   701 | D:1      | 701 ||| DROPPING scroll of butterflies.
   765 | D:2      | Reached XP level 3. HP: 20/20 MP: 5/5
   775 | D:2      | Reached skill level 7 in Ranged Weapons
   955 | D:2      | Reached XP level 4. HP: 22/25 MP: 6/6
  1046 | D:2      | Noticed a floating eye
  1048 | D:2      | Found a faded altar of an unknown god.
  1052 | D:2      | 1052 ||| READING scroll labelled YGEYMOISOU.
  1053 | D:2      | 1053 ||| READING scroll labelled PUOGUOTY SUDU.
  1054 | D:2      | 1054 ||| READING scroll labelled ECOSU BICSE.
  1054 | D:2      | Noticed a great orb of eyes
  1076 | D:2      | Noticed a floating eye
  1147 | D:2      | Noticed a great orb of eyes
  1370 | D:2      | 1370 ||| UPGRADING to ring of protection from cold.
  1371 | D:2      | 1371 ||| READING scroll labelled KEAGUCWAIVA.
  1602 | D:3      | Found a runed translucent door.
  1603 | D:3      | Noticed Crazy Yiuf
  1848 | D:3      | Noticed Sigmund
  1852 | D:3      | Killed Sigmund
  1853 | D:3      | Reached skill level 9 in Ranged Weapons
  1853 | D:3      | Reached XP level 5. HP: 29/29 MP: 7/7
  2077 | D:3      | Reached XP level 6. HP: 35/35 MP: 8/8
  2079 | D:3      | Found a shadowy altar of Dithmenos.
  2236 | D:3      | 2236 ||| UPGRADING to +0 pair of boots.
  2241 | D:3      | 2241 ||| READING scroll labelled HECRAPA PICUC.
  2242 | D:3      | 2242 ||| DRINKING 3 fizzy sapphire potions.
  2320 | D:4      | 2320 ||| FLEEEEING.
  2321 | D:4      | 2321 ||| FLEEEEING.
  2322 | D:4      | 2322 ||| STAIRDANCE
  2554 | D:4      | 2554 ||| DRINKING 2 potions of curing.
  2554 | D:4      | 2554 ||| (to cure confusion)
  2558 | D:4      | Reached skill level 1 in Armour
  2661 | D:4      | Reached skill level 3 in Dodging
  2692 | D:4      | Noticed Edmund
  2700 | D:4      | Slain by Edmund

Levels and vault maps discovered:
D:1:      saegor_arrival_simple_e, layout_basic
D:2:      layout_loops_cross, hellmonk_ecumenical_altar_watching_god
D:3:      layout_loops_corners, overflow_temple_1_default, uniq_sigmund,
          uniq_crazy_yiuf_cottage
D:4:      layout_basic, grunt_decor_junction, uniq_edmund, uniq_robin

Skill      XL: |  1  2  3  4  5  6 |
---------------+-------------------+-----
Ranged Weapons | 6 7 9 |  9.5
Armour         | 1 |  1.3
Fighting       | 2 |  2.1
Dodging        | 3 |  3.7
Stealth        | |  1.2

Action                     |  1- 3 |  4- 6 || total
---------------------------+-------+-------++-------
   Fire: Shortbow          |    68 |   144 ||   212
    Use: Scroll            |     2 |     5 ||     7
         Potion            |       |     2 ||     2
 Armour: Leather armour    |     2 |       ||     2
         Ring mail         |     3 |    26 ||    29
  Dodge: Dodged            |    14 |    41 ||    55

Table legend:
 A = Non-vault XP
 B = Vault XP
 C = Vault XP percentage of total XP
 D = Non-vault monster count
 E = Vault monster count
 F = Vault count percentage of total count
                 A         B        C        D         E       F
            +---------+---------+-------+---------+---------+-------
      Total |     423 |     223 |  34.5 |      60 |       1 |   1.6
            +---------+---------+-------+---------+---------+-------
        D:1 |      27 |       0 |   0.0 |      14 |       0 |   0.0
        D:2 |      98 |       0 |   0.0 |      18 |       0 |   0.0
        D:3 |      32 |     223 |  87.5 |      10 |       1 |   9.1
        D:4 |     266 |       0 |   0.0 |      18 |       0 |   0.0
            +---------+---------+-------+---------+---------+-------
